 Dungeon Crawl Stone Soup version 0.22-a0-877-g5c4e1af (console) character file.

95 removed the Caller (level 4, -9/33 HPs)
             Began as a Demigod Summoner on July 29, 2018.
             Killed from afar by a white imp (10 damage)
             ... with a puff of frost
             ... summoned by Natasha
             ... on level 2 of the Dungeon.
             The game lasted 00:06:10 (2416 turns).

removed the Caller (Demigod Summoner)               Turns: 2416, Time: 00:06:10

Health: -9/33      AC:  4    Str: 11    XL:     4   Next: 17%
Magic:  5/10       EV: 12    Int: 21    God:
Gold:   105        SH:  0    Dex: 16    Spells: 4/7 levels left

rFire    . . .     SeeInvis .   a - +0 short sword
rCold    . . .     Gourm    .   (no shield)
rNeg     . . .     Faith    .   h - +0 robe
rPois    .         Spirit   .   r - +0 helmet
rElec    .         Reflect  .   i - +0 cloak
rCorr    .         Harm     .   (no gloves)
MR       .....                  (no boots)
Stlth    ++........             (no amulet)
HPRegen  0.11/turn              (no ring)
MPRegen  0.12/turn              (no ring)

@: lethally poisoned (-9 -> -19)
A: high mp 1
a: no special abilities


You were on level 2 of the Dungeon.
You were not hungry.

You visited 1 branch of the dungeon, and saw 2 of its levels.

You collected 105 gold pieces.

Inventory:

Hand Weapons
 a - a +0 short sword (weapon)
Armour
 h - a +0 robe (worn)
 i - a +0 cloak (worn)
 r - a +0 helmet (worn)
Scrolls
 e - a scroll of enchant armour {unknown}
 f - a scroll of remove curse {unknown}
 g - a scroll of noise {unknown}
 k - 3 scrolls of magic mapping {unknown}
 l - 2 scrolls of identify {unknown}
 n - a scroll of teleportation {unknown}
 p - a scroll of amnesia {unknown}
Potions
 j - 3 potions of mutation {unknown}
 m - a potion of brilliance {unknown}
 s - a potion of lignification {unknown}
 t - a potion of berserk rage {unknown}


   Skills:
 - Level 1.7 Dodging
 - Level 1.7 Stealth
 + Level 2.4 Spellcasting
 - Level 5.0 Summonings


You had 4 spell levels left.
You knew the following spells:

 Your Spells              Type           Power        Failure   Level  Hunger
a - Summon Small Mammal   Summ           ###.         1%          1    None
b - Call Imp              Summ           ###.....     2%          2    ##.....

Your spell library contained the following spells:

 Spells                   Type           Power        Failure   Level  Hunger
 Summon Ice Beast         Ice/Summ       ##......     45%         4    ####...
 Call Canine Familiar     Summ           ###.....     5%          3    ###....
 Summon Lightning Spire   Summ/Air       ##......     45%         4    ####...
 Summon Guardian Golem    Hex/Summ       ##......     16%         3    ###....


Dungeon Overview and Level Annotations

Branches:
Dungeon (2/15)

Annotations:
D:2 exclusion: hungry ghost, Natasha


Innate Abilities, Weirdness & Mutations

You have an increased reservoir of magic. (+10% MP)


Message History

Natasha is lightly wounded.
You feel sick.
Your bat closely misses Natasha.
Your quokka barely misses Natasha.
Natasha claws you but does no damage.
Your bat hits the white imp but does no damage.
The shadow imp shouts, "Return whence thou came, thou mangled weeb-spouting barnacle!"
The shadow imp barely misses your quokka.
The white imp hits you. The white imp freezes you.
Unknown command.
You are too injured to fight recklessly!
Unknown command.
You closely miss Natasha.
Natasha is lightly wounded.
You feel sick. Natasha claws you!
* * * LOW HITPOINT WARNING * * *
Your quokka bites Natasha.
Natasha claws you.
* * * LOW HITPOINT WARNING * * *
The shadow imp misses your quokka. The white imp gestures at you.
The puff of frost hits you!
You die...

'#######......##
<####..................
......#####............
......#.. .............
......#.# #.........
####### ....[.#.#
#........ #W....#
......#.####......#+#
#.###
'#'#..#.#..'...5.b'.#
#....
.#.#..._...#....@†#####
#####
.#.#.##.##.#....rh5.....
.#...##.##.#.###5#######
>####......#.# #.#
#####.####.#.# ###
#....# #.#.# ####'.#
#.#.# #...#.####.#.#
#...#........#


You could see Natasha, a white imp, a shadow imp, a friendly crimson imp, a
friendly quokka and a friendly bat.

Vanquished Creatures
  An orc wizard (D:2)
  2 adders (D:2)
  6 bats
  4 giant cockroaches
  3 goblins
  A hobgoblin (D:1)
  2 kobolds (D:1)
  A quokka (D:2)
  A rat (D:1)
21 creatures vanquished.

Vanquished Creatures (collateral kills)
  Natasha (D:2)
  2 adders (D:2)
  An ooze (D:1)
  3 bats
  4 goblins (D:1)
  2 hobgoblins (D:2)
  A quokka (D:2)
  2 kobolds (D:1)
  3 rats
19 creatures vanquished.

Grand Total: 40 creatures vanquished

Notes
Turn   | Place    | Note
-------+----------+-------------------------------------------
     0 | D:1      | removed the Demigod Summoner began the quest for the Orb.
     0 | D:1      | Reached XP level 1. HP: 14/14 MP: 5/5
   262 | D:1      | Reached skill level 4 in Summonings
   279 | D:1      | Reached XP level 2. HP: 15/20 MP: 7/7
   800 | D:2      | Noticed a hungry ghost
   986 | D:2      | Learned a level 2 spell: Call Imp
  1026 | D:2      | Reached XP level 3. HP: 13/26 MP: 5/8
  1371 | D:2      | Found a glowing golden altar of the Shining One.
  1398 | D:2      | Noticed Natasha
  1603 | D:2      | Found a sacrificial altar of Ru.
  1638 | D:2      | Reached skill level 5 in Summonings
  2147 | D:2      | Killed Natasha
  2147 | D:2      | Reached XP level 4. HP: 24/33 MP: 4/10
  2401 | D:2      | Noticed Natasha
  2416 | D:2      | HP: 1/33 [Natasha (4)]
  2416 | D:2      | Killed from afar by a white imp

Vault maps used:
D:1:      grunt_arrival_lava_bath
D:2:      lemuel_crystal_altar, nicolae_ru_great_annihilating_truth,
          uniq_natasha

Skill      XL: |  1  2  3 |
---------------+----------+-----
Summonings     | 4 5 |  5.0
Spellcasting   | 2 |  2.4
Dodging        | |  1.7
Stealth        | |  1.7

Action                   |  1- 3 |  4- 6 || total
-------------------------+-------+-------++-------
Melee: Short sword       |    98 |    17 ||   115
       Unarmed           |    10 |       ||    10
 Cast: Summon Small Mamm |    40 |     4 ||    44
       Call Imp          |     2 |     1 ||     3
 Stab: Distracted        |     2 |       ||     2
       Sleeping          |     1 |       ||     1
       Invisible         |       |     1 ||     1
  Eat: Chunk             |     3 |       ||     3
       Ration            |       |     1 ||     1
Armor: Robe              |    35 |     4 ||    39
Dodge: Dodged            |   103 |    10 ||   113

Table legend:
 A = Spawn XP
 B = Non-spawn XP
 C = Spawn XP percentage of total XP
 D = Spawn monster count
 E = Non-spawn monster count
 F = Spawn count percentage of total count
 G = Total turns spent on level
                    A         B        C        D         E        F      G
               +---------+---------+-------+---------+---------+-------+---------
         Total |       0 |     136 |   0.0 |       0 |      40 |   0.0 |  2416
               +---------+---------+-------+---------+---------+-------+---------
           D:1 |       0 |      32 |   0.0 |       0 |      19 |   0.0 |  1517
           D:2 |       0 |     104 |   0.0 |       0 |      21 |   0.0 |   899
               +---------+---------+-------+---------+---------+-------+---------
